Map: Invader LE

Players

april - Winner!

  • Race: Terran Terran
  • League: Gold

capac

  • Race: Terran Terran
  • League: Gold

VOD

Have the link to the VOD?

Description

Time

  • Played on: April 27, 2016, 2:20 p.m.
  • Length: 25:29
Show
View Real Time Build Order
Export as new Build Order

april Terran - Winner!

Build Orders: MMM Bio 

Get SALT Encoding   

  12  0:01  SCV  
  13  0:19  SCV  
  13  0:21  Supply Depot  
  14  0:26  Refinery  
  14  0:31  SCV  
  15  0:45  Barracks  
  15  0:49  SCV  
  16  1:01  SCV  
  17  1:13  SCV  
  18  1:22  Supply Depot  
  18  1:23  Refinery  
  18  1:26  SCV  
  19  1:38  Barracks Tech Lab  
  19  1:39  Orbital Command  
  19  1:57  Marauder  
  21  2:16  SCV  
  21  2:18  Stimpack  
  22  2:30  Factory  
  22  2:31  Barracks  
  22  2:47  Marauder  
  22  2:49  SCV  
  22  2:50  Supply Depot  
  25  3:02  SCV  
  26  3:08  Supply Depot  
  26  3:09  Marauder  
  28  3:13  Factory Tech Lab  
  28  3:17  Marine  
  29  3:44  Siege Tank  
  32  3:53  SCV  
  33  3:59  Command Center  
  33  4:00  Marauder  
  33  4:01  Marine  
  36  4:14  Starport  
  36  4:17  SCV  
  37  4:29  SCV  
  38  4:32  Siege Tank  
  38  4:37  Barracks Reactor  
  41  4:39  Marauder  
  41  4:40  Combat Shields  
  43  4:49  SCV  
  44  4:57  Viking  
  46  5:03  SCV  
  47  5:13  Refinery  
  47  5:15  SCV  
  48  5:38  Marauder, Marine  
  48  5:42  SCV  
  53  5:44  Orbital Command  
  48  5:59  Marine x2  
  48  6:00  Marauder  
  52  6:17  SCV  
  53  6:21  Marauder  
  53  6:29  SCV  
  52  6:37  Marine  
  48  6:43  Marauder  
  47  6:56  Factory  
  47  7:04  Marauder  
  47  7:08  Marine x2  
  46  7:12  Starport Reactor  
  44  7:23  Orbital Command  
  44  7:25  Marauder  
  46  7:45  Command Center  
  46  7:47  Marauder, Factory Tech Lab  
  46  7:50  Engineering Bay  
  48  7:52  Engineering Bay  
  48  7:56  Barracks  
  48  7:57  Barracks  
  48  7:58  Marine  
  48  7:59  Marine  
  48  8:01  SCV x2  
  52  8:08  Marine  
  53  8:13  SCV  
  54  8:20  Supply Depot x2  
  54  8:22  Supply Depot  
  54  8:40  SCV x2  
  54  8:41  Medivac x2  
  54  8:47  Marauder, Marine  
  57  8:49  Barracks Tech Lab x2  
  57  8:51  Refinery  
  57  8:52  SCV x2  
  59  9:00  Missile Turret x3  
  59  9:04  SCV x2  
  59  9:09  Marauder  
  63  9:16  Terran Infantry Weapons Level 1, Terran Infantry Armor Level 1, SCV x2  
  65  9:17  Refinery, Siege Tank  
  65  9:20  SCV  
  65  9:21  Missile Turret x2  
  69  9:28  SCV x2  
  69  9:30  Marauder  
  70  9:32  SCV  
  70  9:35  Concussive Shells  
  70  9:37  Marauder x2, Marine x2  
  70  9:38  Missile Turret  
  77  9:43  Medivac  
  79  10:00  Missile Turret  
  67  10:41  Marauder x3, Marine x2  
  67  10:42  Siege Tank  
  78  10:54  Viking  
  82  10:58  Viking  
  82  11:00  SCV x2  
  82  11:02  Marauder  
  85  11:24  Viking  
  87  11:27  SCV x2  
  87  11:28  Viking  
  86  11:52  Marine x3  
  86  11:53  Marine x2  
  91  12:00  Viking  
  93  12:10  Supply Depot  
  93  12:11  Supply Depot  
  93  12:13  Supply Depot, Armory  
  93  12:16  Supply Depot  
  93  12:19  Marine  
  93  12:20  Marauder  
  93  12:32  Viking, Marauder, Marine, Siege Tank  
  101  13:04  Siege Tank  
  104  13:22  SCV x2  
  106  13:29  Terran Infantry Weapons Level 2, Terran Infantry Armor Level 2  
  107  13:34  SCV x2  
  107  13:35  Marauder x3, Marine x2, Command Center  
  107  13:36  Siege Tank  
  119  13:42  Sensor Tower  
  119  13:46  Barracks, SCV x2  
  120  13:53  Marine x2  
  120  13:54  Barracks  
  122  13:56  Marauder  
  122  14:00  Orbital Command  
  124  14:03  SCV  
  125  14:11  Supply Depot  
  125  14:13  Supply Depot, Barracks  
  125  14:14  Supply Depot  
  125  14:17  Barracks, Marauder x2, Marine, SCV, Medivac  
  133  14:33  Marauder, Siege Tank, Medivac  
  140  14:40  SCV x2  
  140  14:45  Marine  
  143  14:47  Refinery  
  143  14:50  Refinery  
  143  14:56  Viking  
  145  15:13  Barracks Tech Lab x2  
  145  15:14  Barracks Tech Lab  
  145  15:15  Barracks Reactor  
  145  15:26  Marine x2  
  145  15:27  SCV x2  
  145  15:28  SCV  
  150  15:39  SCV x2  
  150  15:40  SCV  
  151  16:04  Viking x2  
  152  16:22  Marauder, Marine  
  151  16:34  Viking  
  153  16:41  Viking  
  154  17:04  Viking  
  156  17:13  Orbital Command  
  156  17:32  SCV  
  156  17:33  SCV x2  
  159  17:40  Sensor Tower  
  159  17:41  Sensor Tower  
  159  17:44  SCV  
  159  17:45  SCV x2  
  162  17:56  SCV  
  162  17:57  SCV x2  
  165  18:00  Medivac x2  
  169  18:10  Marauder  
  169  18:11  Marine  
  172  18:16  Supply Depot, Terran Infantry Weapons Level 3  
  172  18:17  Terran Infantry Armor Level 3, Supply Depot x2  
  172  18:19  Supply Depot  
  172  18:33  Refinery  
  172  18:37  Marine, Medivac  
  172  18:38  Marauder x6  
  187  18:46  Refinery  
  149  19:15  Viking x2  
  146  19:25  Marauder x2, Marine x2  
  146  19:26  Marauder  
  154  19:44  Marauder x3, Marine x2  
  154  19:45  Viking x2  
  166  19:47  Marauder  
  168  19:55  Starport  
  168  20:15  Viking x2  
  168  20:17  Marauder x3, Marine  
  168  20:18  Marauder x3, Marine x2  
  175  20:38  Marauder x3  
  175  20:39  Marauder x3  
  178  20:45  Viking x2  
  182  20:58  Marine  
  182  20:59  Marauder  
  182  21:00  Marauder x3  
  191  21:13  Marine x3  
  191  21:14  Viking  
  191  21:15  Viking  
  156  21:36  Siege Tank  
  156  21:37  Marine x10  
  151  21:54  Marine  
  151  21:55  Marine x9  
  161  22:08  Siege Tank  
  150  22:12  Marine  
  150  22:13  Marine x9  
  132  22:30  Marine  
  132  22:31  Marauder x2, Marine x7  
  140  22:48  Marine x4  
  140  22:49  Marine x4  
  146  22:52  Marine x2  
  146  22:57  Medivac  
  152  23:05  Starport Reactor  
  152  23:06  Marine x8  
  152  23:10  Marine x2  
  162  23:14  Command Center  
  160  23:23  Marine  
  160  23:24  Marine x6  
  160  23:25  Marauder  
  160  23:26  Medivac  
  160  23:27  Medivac  
  169  23:28  Marauder, Marine  
  170  23:41  Marine  
  170  23:42  Marine x4  
  170  23:48  Medivac  
  169  23:56  Medivac  
  171  24:07  Marine  
  171  24:08  Marine x7  
  171  24:09  Marine x2  
  181  24:24  Medivac  
  181  24:25  Medivac x2  
  181  24:28  Refinery  
  187  24:32  Refinery  
  183  24:42  Marine  
  183  24:43  Marine x9  
  193  25:00  Marine  
  193  25:01  Marine x6  
  192  25:09  Marine x3  
Show
View Real Time Build Order
Export as new Build Order

capac Terran 

Build Orders: MMM Bio 

Get SALT Encoding   

  12  0:01  SCV  
  13  0:13  SCV  
  14  0:18  Supply Depot  
  14  0:25  SCV  
  15  0:40  SCV  
  15  0:42  Barracks  
  16  0:46  Refinery  
  16  0:52  SCV  
  17  1:04  SCV  
  18  1:16  SCV  
  19  1:29  Marine  
  19  1:30  Orbital Command  
  20  1:43  Command Center  
  20  1:51  Supply Depot  
  20  1:54  Marine  
  21  2:16  Barracks Reactor  
  21  2:21  SCV  
  21  2:22  Factory  
  22  2:30  Barracks  
  22  2:33  SCV  
  22  2:35  Refinery  
  23  2:48  SCV  
  24  2:54  Marine x2  
  26  3:00  SCV  
  27  3:08  Factory Tech Lab  
  27  3:10  Supply Depot  
  27  3:14  Starport  
  27  3:15  SCV  
  27  3:16  Orbital Command  
  27  3:17  Marine  
  27  3:18  Marine  
  30  3:20  Barracks Tech Lab  
  30  3:27  SCV  
  30  3:32  Siege Tank  
  34  3:40  SCV  
  35  3:44  SCV  
  36  3:55  Bunker  
  36  4:02  Medivac  
  38  4:06  Supply Depot  
  38  4:10  Marine x3  
  38  4:14  SCV  
  42  4:23  Siege Tank  
  45  4:26  SCV  
  45  4:28  SCV  
  47  4:36  Medivac  
  47  4:38  Marine x2  
  51  4:39  SCV  
  51  4:42  Marine, SCV  
  54  4:45  Stimpack  
  54  4:55  Supply Depot  
  54  5:00  Supply Depot  
  54  5:06  Supply Depot  
  54  5:07  Supply Depot  
  54  5:09  Starport Reactor  
  54  5:17  Marine x2, SCV x2  
  58  5:30  Marine  
  58  5:32  SCV x2  
  58  5:33  Siege Tank  
  58  5:35  Marine x2  
  66  6:00  Marine x2  
  66  6:01  Marine  
  69  6:43  Marine x3  
  72  6:49  Command Center  
  72  6:50  Barracks  
  72  6:52  Barracks  
  69  7:01  Marine x3  
  71  7:04  Medivac x2  
  74  7:18  Marine  
  74  7:19  Marine x2  
  76  7:28  Siege Tank, SCV  
  75  7:32  Supply Depot  
  75  7:35  Supply Depot  
  75  7:36  Marine x2  
  77  7:42  Barracks Tech Lab  
  77  7:43  Barracks Reactor  
  77  8:00  Armory  
  77  8:06  Combat Shields  
  77  8:08  Engineering Bay, Marine x3  
  80  8:21  SCV x2  
  80  8:23  Refinery x2, Marine x3  
  80  8:26  Marine x2  
  87  8:33  SCV  
  87  8:52  Liberator x2  
  87  8:54  Orbital Command  
  87  9:05  Marine x4  
  87  9:07  Marauder  
  87  9:08  Marauder, Siege Tank  
  102  9:33  SCV  
  103  9:40  Siege Tank  
  103  9:45  SCV  
  107  9:46  Marine x5  
  107  9:48  SCV x2  
  107  9:49  Marine  
  115  9:57  SCV  
  116  10:00  SCV  
  117  10:14  Marine  
  117  10:16  Marine  
  117  10:22  Marine x2, SCV  
  117  10:23  Siege Tank  
  117  10:27  Liberator  
  117  10:28  Liberator  
  105  10:32  Marine x2  
  105  10:33  Marine x2  
  109  10:40  Marine  
  110  10:49  Marine  
  117  10:57  Supply Depot x2  
  117  11:04  Barracks  
  117  11:05  Barracks  
  117  11:06  Command Center  
  117  11:18  Marine x5  
  117  11:19  Siege Tank  
  120  11:55  Liberator x2  
  120  12:11  Siege Tank  
  123  12:23  Marine x6  
  122  12:41  Marine x6  
  122  12:43  Siege Tank  
  124  12:58  Marine  
  124  12:59  Marine x2  
  124  13:03  Marine x3, Liberator x2  
  124  13:05  Barracks Reactor x2  
  127  13:15  Siege Tank  
  127  13:16  Marine  
  137  13:39  Refinery x2  
  137  13:44  Supply Depot  
  137  13:47  Supply Depot, Marine  
  137  13:48  Marine x4  
  141  13:49  Supply Depot, Marine  
  141  13:53  Starport x2  
  141  13:54  Factory  
  143  13:58  Marine x3  
  143  13:59  Marine  
  145  14:05  Marine  
  145  14:06  Marauder  
  145  14:07  Marauder  
  150  14:14  Planetary Fortress  
  150  14:23  Sensor Tower  
  150  14:35  Marine x3  
  150  14:36  Marine x5  
  150  14:37  Marauder x2  
  162  14:53  Supply Depot, Marine x5  
  162  14:54  Marine x2  
  162  14:56  Supply Depot, Starport Reactor x2  
  162  14:57  Factory Tech Lab  
  162  14:58  Marauder  
  171  15:04  Missile Turret  
  171  15:07  Missile Turret  
  171  15:08  Missile Turret  
  171  15:14  Marauder  
  171  15:18  Medivac x2  
  171  15:19  Marine x9  
  186  15:35  Marine  
  186  15:36  Marine  
  186  15:41  Marine  
  188  15:51  Marine  
  188  15:56  Marine  
  187  16:59  Marine  
  187  17:00  SCV  
  179  17:12  SCV  
  180  17:27  Liberator x3  
  180  17:44  SCV  
  168  17:56  SCV  
  165  18:01  Marine  
  165  18:02  Marine  
  165  18:03  Marine x8  
  175  18:06  Medivac x2  
  175  18:10  Supply Depot  
  175  18:11  Supply Depot  
  175  18:12  Supply Depot  
  179  18:19  Marine  
  180  18:20  Marine x4  
  180  18:21  Marine x5  
  189  18:31  Liberator x4  
  189  18:37  Marine  
  189  18:38  Marine x5  
  187  18:45  Liberator x2  
  178  19:14  Liberator x4  
  178  19:17  Marine x6  
  178  19:18  Marine x4  
  191  19:35  Marine x3  
  147  21:34  Medivac x3  
  147  21:35  Medivac x2  
  102  22:22  Marine x10  
  103  22:39  Marine  
  103  22:40  Marine x9  
  110  22:52  Command Center  
  110  22:57  Marine, Liberator  
  110  22:58  Marine x9, Liberator x4  
  118  22:59  Liberator  
  120  23:13  Command Center  
  120  23:15  Marine x2  
  120  23:16  Marine x7  
  132  23:51  Marine  
  132  23:52  Marine x9  
  142  24:09  Marine  
  143  24:10  Marine x8  
  151  24:20  Marine  
  122  24:46  Marine  
Tags
 
Composition
MMM BioMMM Bio
League
GoldGold
Matchup
TvT
Race
Terran
Add a new tag
Caveats
  • Supply blocks, unpowered buildings, or Contaminate may cause inaccurate times.
  • Supply counts are checked every 10 seconds.